 Dungeon Crawl Stone Soup version 0.28-a0-465-ge2dae52223 (webtiles) character file.

Game seed: 15666545819105179149

100 dolemite99 the Chopper (level 4, 0/39 HPs)
             Began as a Hill Orc Monk on Sept 15, 2021.
             Was an Elder of Ignis.
             Succumbed to Crazy Yiuf's poison
             ... on level 3 of the Dungeon.
             The game lasted 00:03:46 (2770 turns).

dolemite99 the Chopper (Hill Orc Monk)              Turns: 2770, Time: 00:03:46

Health: 0/39       AC:  8    Str: 14    XL:     4   Next: 74%
Magic:  4/4        EV:  6    Int: 10    God:    Ignis [****..]
Gold:   75         SH:  0    Dex: 13    Spells: 3/3 levels left

rFire   + . .      SeeInvis .   a - +0 hand axe
rCold   . . .      Faith    .   (no shield)
rNeg    . . .      Spirit   .   c - +0 chain mail
rPois   .          Reflect  .   (no helmet)
rElec   .          Harm     .   (no cloak)
rCorr   .          Rampage  .   (no gloves)
Will    .....                   (no boots)
Stlth   ..........              (no amulet)
HPRegen 0.13/turn               (no ring)
MPRegen 0.09/turn               (no ring)

@: lethally poisoned (0 -> -7)
A: no striking features
a: Renounce Religion, Sea of Fire, Foxfire Swarm, Rising Flame


You were on level 3 of the Dungeon.
You worshipped Ignis.
Ignis was greatly pleased with you.
You visited 1 branch of the dungeon, and saw 3 of its levels.

You collected 75 gold pieces.

Inventory:

Hand Weapons
 a - a +0 hand axe (weapon)
 k - a +0 hunting sling
Missiles
 e - 117 stones (quivered)
 i - 27 arrows
 l - 17 bolts
Armour
 b - a +0 robe
 c - a +0 chain mail (worn)
 d - a +0 leather armour
Scrolls
 f - 3 scrolls of teleportation {unknown}
 g - a scroll of enchant armour {unknown}
 h - a scroll of noise {unknown}
 j - a scroll of vulnerability {unknown}
Potions
 m - a potion of brilliance {unknown}


   Skills:
 - Level 3.6 Fighting
 + Level 7.1 Axes
 - Level 2.4 Dodging
 - Level 1.5 Stealth


You had 3 spell levels left.
You didn't know any spells.
Your spell library was empty.

Dungeon Overview and Level Annotations

Branches:
Dungeon (3/15)

Altars:
Gozag
Okawaru
Uskayaw
Ignis

Annotations:
D:2 Sigmund
D:3 3 runed translucent doors, Crazy Yiuf; Creed's ghost, weakling MiFi


Message History

There is an open door here.
m - a fuming blue potion
There is an open door here.
There is a stone staircase leading down here.
There is a stone staircase leading down here.
You see here a +0 club.
Found a mace.
Found a runed translucent door.
Crazy Yiuf shouts!
As you open the door, it creaks loudly!
Crazy Yiuf grits, "Mugger!
Mountain King head."
Flames leap up around you!
Crazy Yiuf hits you with a +2 quarterstaff of chaos!
Crazy Yiuf freezes you.
The foxfire hits Crazy Yiuf but does no damage.
The foxfire hits Crazy Yiuf.
Crazy Yiuf is lightly wounded.
The foxfire hits Crazy Yiuf.
Crazy Yiuf is heavily wounded.
Crazy Yiuf hits you with a +2 quarterstaff of chaos!
You are lethally poisoned!
Flames leap up around you!
* * * LOW HITPOINT WARNING * * *
You feel very sick. Crazy Yiuf closely misses you.
* * * LOW HITPOINT WARNING * * *
You feel very sick.
The foxfire hits Crazy Yiuf.
Crazy Yiuf is severely wounded.
The foxfire hits Crazy Yiuf but does no damage.
Crazy Yiuf is severely wounded.
The foxfire hits Crazy Yiuf.
Crazy Yiuf is almost dead.
Crazy Yiuf hits you but does no damage.
Your foxfire dissipates!
* * * LOW HITPOINT WARNING * * *
You feel very sick.
Your foxfire dissipates!
* * * LOW HITPOINT WARNING * * *
You feel sick.
You die...

#....>.......#
#.##.#########
#####.##.# .......).#
######.#.##♣ ###
###...#.#.♣♣♣ ♣♣#..)#
............♣♣♣♣.'...#
..##...#......♣.g♣#...#
# ##..###...♣@♣♣♣ ###
.... ##♣♣♣♣♣ ###.# #


You could see Crazy Yiuf.

Vanquished Creatures
  3 adders
  A worm (D:2)
  2 dart slugs (D:1)
  An orc (D:3)
  5 bats
  5 endoplasms
  8 goblins
  8 hobgoblins
  6 jackals
  3 kobolds
  3 quokkas
  5 ball pythons
  10 frilled lizards
60 creatures vanquished.

Vanquished Creatures (others)
  29 foxfires
29 creatures vanquished.

Grand Total: 89 creatures vanquished

Notes
Turn   | Place    | Note
-------+----------+-------------------------------------------
     0 | D:1      | dolemite99 the Hill Orc Monk began the quest for the Orb.
     0 | D:1      | Reached XP level 1. HP: 19/19 MP: 1/1
    92 | D:1      | Found a faded altar of an unknown god.
    93 | D:1      | Noticed a golden eye
    97 | D:1      | Noticed a golden eye
    97 | D:1      | Noticed a golden eye
    97 | D:1      | Noticed an eye of devastation
   102 | D:1      | Became a worshipper of Ignis, the Dying Flame
   102 | D:1      | Reached ****** piety under Ignis
   185 | D:1      | Reached XP level 2. HP: 26/26 MP: 2/2
   258 | D:1      | Reached skill level 5 in Axes
   542 | D:1      | Reached XP level 3. HP: 23/31 MP: 3/3
  1524 | D:2      | Reached skill level 6 in Axes
  1702 | D:2      | Reached XP level 4. HP: 39/39 MP: 4/4
  1777 | D:2      | Noticed Sigmund
  2077 | D:3      | Reached skill level 7 in Axes
  2205 | D:3      | Found a runed translucent gate.
  2206 | D:3      | Found a runed translucent gate.
  2207 | D:3      | Found a runed translucent gate.
  2208 | D:3      | Found an opulent altar of Gozag.
  2209 | D:3      | Noticed a scorpion
  2209 | D:3      | Noticed Creed's ghost (weakling MiFi)
  2210 | D:3      | Noticed an ogre
  2731 | D:3      | Found an iron altar of Okawaru.
  2731 | D:3      | Found a hide-covered altar of Uskayaw.
  2759 | D:3      | Found a runed translucent door.
  2760 | D:3      | Noticed Crazy Yiuf
  2770 | D:3      | Succumbed to Crazy Yiuf's poison

Illustrated notes

Levels and vault maps discovered:
D:1:      psy_arrival_radial02, layout_loops_ring,
          hellmonk_ecumenical_altar_watching_god, minmay_tetromino_o4
D:2:      layout_rooms, lemuel_another_geyser, uniq_sigmund
D:3:      layout_loops_ring, gammafunk_temple_overflow_statue,
          ebering_ghost_gozag, uniq_crazy_yiuf_cottage, uniq_terence, uniq_purgy

Skill      XL: |  1  2  3  4 |
---------------+-------------+-----
Axes           | 5 6 7 |  7.1
Fighting       | |  3.6
Dodging        | |  2.4
Stealth        | |  1.5

Action                   |  1- 3 |  4- 6 || total
-------------------------+-------+-------++-------
Melee: Hand axe          |   121 |    58 ||   179
Throw: Stone             |    30 |     3 ||    33
Invok: Foxfire Swarm     |     1 |     3 ||     4
       Sea of Fire       |     1 |     1 ||     2
  Use: Potion            |     3 |       ||     3
 Stab: Sleeping          |     1 |       ||     1
Armor: Leather armour    |    29 |    16 ||    45
       Skin              |    12 |     8 ||    20
       Chain mail        |       |    15 ||    15
Dodge: Dodged            |    72 |    43 ||   115

Table legend: (Time is in decaauts)
 A = Elapsed time spent in this place.
 B = Non-inter-level travel time spent in this place.
 C = Inter-level travel time spent in this place.
 D = Time resting spent in this place.
 E = Time spent auto-exploring this place.
 F = Levels seen in this place.
 G = Mean time per level.
                   A        B        C        D        E       F      G
               +--------+--------+--------+--------+--------+-----+--------+
         Total |   2775 |   2717 |     58 |    750 |   1233 |   3 |  925.0 |
       Dungeon |   2775 |   2717 |     58 |    750 |   1233 |   3 |  925.0 |
               +--------+--------+--------+--------+--------+-----+--------+

Top non-repeatable levels by time:
     D:1: 1591 daAuts
     D:3: 812 daAuts
     D:2: 371 daAuts
